 Dungeon Crawl Stone Soup version 0.17.0 (webtiles) character file.

1377 Quarterback16 the Cleaver (level 8, -5/71 HPs)
             Began as a Hill Orc Fighter on Nov 28, 2015.
             Was a Believer of Beogh.
             Slain by an orc warrior
             ... wielding a +2 short sword of speed
              (8 damage)
             ... on level 7 of the Dungeon on Nov 29, 2015.
             The game lasted 01:09:06 (11242 turns).

Quarterback16 the Cleaver (Hill Orc Fighter)       Turns: 11242, Time: 01:09:06

Health: -5/71      AC: 12    Str: 26    XL:     8   Next: 66%
Magic:  9/9        EV:  6    Int:  8    God:    Beogh [**....]
Gold:   265        SH: 11    Dex: 10    Spells: 0 memorised, 7 levels left

rFire  x . .     SeeInvis .     a - +0 war axe
rCold  + . .     Clarity  .     y - +2 chain mail
rNeg   . . .     SustAt   .     c - +0 shield
rPois  .         Gourm    .     (no helmet)
rElec  .         Spirit   .     (no cloak)
rCorr  .         Warding  .     (no gloves)
rMut   .         Stasis   .     (no boots)
MR     .....                    (no amulet)
Stlth  ..........               k - ring of ice
                                s - ring of invisibility

@: mighty, not resistant to hostile enchantments, extremely unstealthy
A: no striking features
a: Smiting, Renounce Religion, Evoke Invisibility


You were on level 7 of the Dungeon.
You worshipped Beogh.
Beogh was pleased with you.
You were not hungry.

You visited 1 branch of the dungeon, and saw 7 of its levels.

You collected 265 gold pieces.

Inventory:

Hand Weapons
 a - a +0 war axe (weapon)
 b - a +1 hand axe of chopping
 t - a cursed -1 hand axe
 B - a +1 war axe of freezing
Missiles
 r - 9 tomahawks (quivered)
 C - 4 silver tomahawks
Armour
 c - a +0 shield (worn)
 v - a +0 shield
 y - a +2 chain mail (worn)
Jewellery
 k - a ring of ice (right hand)
 s - a ring of invisibility (left hand)
Wands
 A - a wand of cold (4)
Scrolls
 e - a scroll of amnesia
 h - a scroll of magic mapping {unknown}
 i - a scroll of fear
 o - a scroll of blinking {unknown}
 q - a scroll of recharging {unknown}
 u - a scroll of teleportation
Potions
 d - a potion of brilliance {unknown}
 f - 3 potions of lignification {unknown}
 j - a potion of invisibility {unknown}
 l - a potion of curing
 m - a potion of agility {unknown}
 n - a potion of poison {unknown}
 x - a potion of mutation {unknown}
Books
 g - a book of Enchantments

   Spells                             Type                      Level
   a - Cause Fear                     Hexes                        4
   b - Silence                        Hexes/Air                    5
   c - Deflect Missiles               Charms/Air                   6
   d - Haste                          Charms                       6
   e - Discord                        Hexes                        8
Comestibles
 p - a bread ration
 E - 5 fruits


   Skills:
 + Level 6.4 Fighting
 * Level 8.4 Axes
 + Level 0.6 Throwing
 + Level 6.2 Armour
 - Level 0.2 Dodging
 + Level 5.9 Shields
 + Level 1.6 Evocations


You had 7 spell levels left.
You didn't know any spells.

Dungeon Overview and Level Annotations

Branches:
Dungeon (7/15)             Temple (0/1) D:5

Altars:


Message History

There is a stone staircase leading up here.
Drink which item? (? for menu, Esc to quit)
You feel very mighty all of a sudden. The orc warrior barely misses you.
The orc warrior hits you with a short sword of speed.
* * * LOW HITPOINT WARNING * * *
You hit the orc warrior.
The orc warrior is lightly wounded.
You block the orc warrior's attack.
You closely miss the orc warrior.
The orc warrior is lightly wounded.
The orc warrior completely misses you.
You hit the orc warrior.
The orc warrior is moderately wounded.
You block the orc warrior's attack.
You barely miss the orc warrior.
The orc warrior is moderately wounded.
The orc warrior hits you with a short sword of speed!
You die...
Beogh appreciates the orc warrior's killing of a heretic priest.

.. ..## #...
#..# #..#
#..# .# #..#
.# #.@##.#
#.o<#.#
#...#.#
#...#.#
#...#.#
.####.....#
.........##
.#####.....#
...........#


You could see an orc warrior.

Vanquished Creatures
  Sigmund (D:5)
  3 phantoms
  The ghost of Ultraviolent4 the Insei, an amateur DsTm of Lugonu (D:3)
  2 centaurs
  3 crimson imps (D:6)
  3 orc wizards
  3 hounds
  2 orc priests (D:4)
  A giant frog skeleton (D:5)
  2 iguanas
  A worker ant (D:4)
  A gnoll (D:1)
  10 adders
  A shadow imp (D:6)
  An ooze (D:2)
  3 worms
  21 orcs
  8 bats
  8 goblins
  5 hobgoblins
  14 jackals
  5 ball pythons
  A ball python skeleton (D:5)
  6 giant cockroaches
  11 giant geckos
  A giant gecko skeleton (D:6)
  7 giant newts
  A jackal skeleton (D:6)
  10 kobolds
  A quokka skeleton (D:5)
  9 rats
146 creatures vanquished.

Vanquished Creatures (others)
  An adder (D:3)
  An orc (D:3)
  A quokka (D:3)
  A bat (D:3)
4 creatures vanquished.

Grand Total: 150 creatures vanquished

Notes
Turn   | Place    | Note
--------------------------------------------------------------
     0 | D:1      | Quarterback16 the Hill Orc Fighter began the quest for the Orb.
     0 | D:1      | Reached XP level 1. HP: 19/19 MP: 1/1
     6 | D:1      | Noticed a black bear
     6 | D:1      | Noticed a water moccasin
     6 | D:1      | Noticed a lindwurm
     6 | D:1      | Noticed a seven-headed hydra
   468 | D:1      | Reached XP level 2. HP: 22/27 MP: 2/2
  1031 | D:1      | Reached XP level 3. HP: 24/33 MP: 3/3
  2372 | D:2      | Reached skill level 4 in Armour
  2517 | D:2      | Reached XP level 4. HP: 40/40 MP: 4/4
  2792 | D:3      | Became a worshipper of Beogh the Brigand
  3040 | D:3      | Found a faded altar to an unknown god.
  3895 | D:3      | Reached XP level 5. HP: 46/46 MP: 5/5
  3925 | D:4      | Noticed a phantom
  4436 | D:3      | Noticed a centaur
  4446 | D:3      | Killed a centaur
  4787 | D:3      | Noticed Ultraviolent4's ghost (amateur DsTm)
  4812 | D:3      | Killed Ultraviolent4's ghost
  4812 | D:3      | Reached skill level 5 in Axes
  4812 | D:3      | Reached XP level 6. HP: 40/55 MP: 6/6
  5055 | D:3      | Reached * piety under Beogh
  5496 | D:3      | Reached skill level 5 in Fighting
  6426 | D:5      | Entered Level 5 of the Dungeon
  6585 | D:5      | Reached skill level 6 in Axes
  6585 | D:5      | Reached XP level 7. HP: 45/61 MP: 7/7
  6775 | D:5      | Reached skill level 5 in Armour
  6775 | D:5      | Reached skill level 5 in Shields
  7244 | D:4      | HP: 1/61 [orc priest/divine providence (12)]
  7861 | D:4      | Killed a phantom
  7861 | D:4      | Reached skill level 7 in Axes
  8956 | D:5      | Noticed Sigmund
  8969 | D:5      | Killed Sigmund
  8969 | D:5      | Reached XP level 8. HP: 66/70 MP: 8/8
 10127 | D:5      | Found a staircase to the Ecumenical Temple.
 10148 | D:5      | Reached skill level 8 in Axes
 10177 | D:5      | Reached ** piety under Beogh
 10427 | D:5      | Reached skill level 1 in Evocations
 11238 | D:7      | HP: 2/71 [orc warrior/short sword of speed (5)]
 11242 | D:7      | Slain by an orc warrior

Action                   |  1- 3 |  4- 6 |  7- 9 || total
-------------------------+-------+-------+-------++-------
Melee: War axe           |   125 |   279 |   239 ||   643
Throw: Tomahawk          |       |     3 |    35 ||    38
Invok: Convert to Beogh  |       |     1 |       ||     1
  Use: Scroll            |     5 |     1 |     9 ||    15
       Potion            |       |     3 |     4 ||     7
  Eat: Meat ration       |     1 |     1 |     1 ||     3
       Bread ration      |     1 |       |     2 ||     3
       Pizza             |       |     1 |       ||     1
       Chunk             |       |     1 |     2 ||     3
       Beef jerky        |       |     1 |       ||     1
